 Dungeon Crawl Stone Soup version 0.28.0-53-g5a82cb258f (webtiles) character file.

Game seed: 15781425013117159534

77 Descartes the Firebug (level 4, -4/21 HPs)
             Began as a Deep Elf Fire Elementalist on May 24, 2022.
             Slain by Natasha (5 damage)
             ... on level 3 of the Dungeon.
             The game lasted 00:11:03 (2965 turns).

Descartes the Firebug (Deep Elf Fire Elementalist)  Turns: 2965, Time: 00:11:03

Health: -4/21      AC:  4    Str:  7    XL:     4   Next: 14%
Magic:  7/11       EV: 12    Int: 23    God:
Gold:   112        SH:  0    Dex: 13    Spells: 4/10 levels left

rFire   . . .      SeeInvis .   c - +2 spear (vorpal)
rCold   . . .      Faith    .   (no shield)
rNeg    + + .      Spirit   .   g - +0 leather armour
rPois   .          Reflect  .   (no helmet)
rElec   .          Harm     .   e - +0 cloak of Cowardice {rN++ Int+5 Dex-2}
rCorr   .          Rampage  .   (no gloves)
Will    .....                   (no boots)
Stlth   ++........              (no amulet)
HPRegen 0.07/turn               (no ring)
MPRegen 0.12/turn               (no ring)

@: slowed, very slow
A: dopey 1, frail 1
a: no special abilities


You were on level 3 of the Dungeon.
You visited 1 branch of the dungeon, and saw 3 of its levels.

You collected 112 gold pieces.

Inventory:

Hand Weapons
 c - a +2 vorpal spear (weapon)
 l - a +0 hunting sling
Missiles
 f - 69 stones
 i - 3 poisoned darts
 m - 29 arrows
Armour
 a - a +0 robe
 d - a +0 buckler
 e - the +0 cloak of Cowardice (worn) {rN++ Int+5 Dex-2}
   (You acquired it on level 3 of the Dungeon)

   Int:       It affects your intelligence (+5).
   Dex:       It affects your dexterity (-2).
   rN:        It greatly protects you from negative energy.
 g - a +0 leather armour (worn)
 p - a +4 scale mail
Wands
 j - a wand of acid (10)
Scrolls
 b - a scroll of vulnerability {unknown}
 k - a scroll of fear
 n - a scroll of teleportation {unknown}
 o - a scroll of amnesia


   Skills:
 + Level 3.2 Dodging
 + Level 3.3 Stealth
 + Level 3.8 Spellcasting
 + Level 2.1 Conjurations
 + Level 3.8 Fire Magic


You had 4 spell levels left.
You knew the following spells:

 Your Spells              Type           Power      Damage    Failure   Level
a - Foxfire               Conj/Fire      72%        2x1d7     4%          1
b - Scorch                Fire           44%        2d7       4%          2
c - Conjure Flame         Conj/Fire      18%        6-21      14%         3

Your spell library contained the following spells:

 Spells                   Type           Power      Damage    Failure   Level
 Inner Flame              Hex/Fire       13%        N/A       22%         3
 Tukima's Dance           Hex            4%         N/A       43%         3
 Flame Wave               Conj/Fire      18%        2d6       43%         4
 Passage of Golubria      Tloc           4%         N/A       85%         4
 Yara's Violent Unravell  Hex/Tmut       2%         3d3       99%         5


Dungeon Overview and Level Annotations

Branches:
Dungeon (3/15)

Altars:

Annotations:
D:3 Natasha


Innate Abilities, Weirdness & Mutations

You are dopey. (Int -2)
You are frail. (-10% HP)


Message History

Natasha misses you.
Unknown command.
Casting: Foxfire (safe; 4% risk of failure)
Confirm with . or Enter, or press ? or * to list all spells.
You miscast Foxfire.
You are very lightly contaminated with residual magic.
Nothing appears to happen.
Natasha closely misses you.
Casting: Foxfire (safe; 4% risk of failure)
Confirm with . or Enter, or press ? or * to list all spells.
You conjure some foxfire!
Natasha closely misses you. Natasha claws you but does no damage.
The foxfire hits Natasha.
Natasha is severely wounded.
The crimson imp blinks!
Natasha barely misses you.
Casting: Foxfire (safe; 4% risk of failure)
Confirm with . or Enter, or press ? or * to list all spells.
You conjure some foxfire!
Natasha wildly gestures.
Natasha's front paws start to glow.
Natasha mumbles some strange words.
Natasha stares at you and mumbles some strange words.
The magic dart hits you.
You hit Natasha but do no damage.
Natasha is severely wounded.
The foxfire hits Natasha.
Natasha is almost dead.
Natasha claws you.
* * * LOW HITPOINT WARNING * * *
Your magical contamination has completely faded away.
You barely miss Natasha.
Natasha is almost dead.
Natasha claws you.
* * * LOW HITPOINT WARNING * * *
Natasha stares at you and mumbles some strange words.
You feel as though you will be slow longer.
You aren't carrying any potions.
Casting: Foxfire (safe; 4% risk of failure)
Confirm with . or Enter, or press ? or * to list all spells.
You conjure some foxfire!
The crimson imp blinks!
Natasha claws you.
You die...

# #.. #####..<.#########
.............ยง5h@#
...#############v########
..... .................#
...##########..#.######.#
..........[##..#.# ...#.#
...#####....####.#.##.#.#
.### #....'....#......#
.## #....#########.###
..# #.....########.#


You could see Natasha (ally target) and a crimson imp (summoned).

Vanquished Creatures
  An adder (D:3)
  A worm (D:2)
  A dart slug (D:1)
  An orc (D:3)
  6 endoplasms
  8 giant cockroaches
  5 goblins
  6 hobgoblins
  4 quokkas
  4 ball pythons
  3 bats
  5 frilled lizards
  7 kobolds
  A rat (D:1)
53 creatures vanquished.

Vanquished Creatures (others)
  166 foxfires
166 creatures vanquished.

Grand Total: 219 creatures vanquished

Notes
Turn   | Place    | Note
-------+----------+-------------------------------------------
     0 | D:1      | Descartes the Deep Elf Fire Elementalist began the quest
                  | for the Orb.
     0 | D:1      | Reached XP level 1. HP: 10/10 MP: 6/6
   253 | D:1      | Reached XP level 2. HP: 15/15 MP: 4/8
   927 | D:1      | Reached XP level 3. HP: 19/19 MP: 6/9
  1343 | D:2      | Found a faded altar of an unknown god.
  2241 | D:2      | Gained mutation: You are dopey. (Int -2) [potion of
                  | mutation]
  2241 | D:2      | Gained mutation: You are frail. (-10% HP) [potion of
                  | mutation]
  2466 | D:3      | Reached XP level 4. HP: 21/21 MP: 7/11
  2474 | D:3      | Learned a level 2 spell: Scorch
  2478 | D:3      | Learned a level 3 spell: Conjure Flame
  2716 | D:3      | Identified a scroll of acquirement
  2718 | D:3      | Acquired the +0 cloak of Cowardice {rN++ Int+5 Dex-2}
  2948 | D:3      | Noticed Natasha
  2964 | D:3      | HP: 1/21 [Natasha (3)]
  2965 | D:3      | Slain by Natasha

Illustrated notes

Levels and vault maps discovered:
D:1:      lightli_arrival_statuegarden, layout_loops_ring
D:2:      wander_river, layout_loops_ring, shapermc_ecumenical_altar_petra,
          patterned_corridor
D:3:      layout_basic, nzn_hepliaklqana_mist_gate, uniq_natasha

Skill      XL: |  1  2  3 |
---------------+----------+-----
Stealth        | 3 |  3.3
Dodging        | 3 |  3.2
Conjurations   | 2 |  2.1
Spellcasting   | |  3.8
Fire Magic     | |  3.8

Action                   |  1- 3 |  4- 6 || total
-------------------------+-------+-------++-------
Melee: Spear             |     4 |     5 ||     9
 Cast: Foxfire           |    88 |    18 ||   106
  Use: Scroll            |     1 |     4 ||     5
       Potion            |     1 |       ||     1
Armor: Leather armour    |     1 |     1 ||     2
Dodge: Dodged            |     2 |     6 ||     8
